 Dungeon Crawl Stone Soup version 0.30.0-29-ga12c61a403 (webtiles) character file.

Game seed: 3023848039912393391

424 qw the Chopper (level 6, -8/38 HPs)
             Began as a Gargoyle Fighter on June 4, 2023.
             Killed from afar by an orc wizard (11 damage)
             ... with a puff of flame
             ... on level 4 of the Dungeon.
             The game lasted 00:01:22 (2409 turns).

qw the Chopper (Gargoyle Fighter)                   Turns: 2409, Time: 00:01:23

Health: -8/38      AC: 13    Str: 21    XL:     6   Next: 96%
Magic:  6/6        EV:  7    Int:  9    God:
Gold:   143        SH:  4    Dex:  9    Spells: 5/5 levels left

rFire   . . .        Y - +0 war axe (chaos)
rCold   . . .        c - +0 buckler
rNeg    + . .        l - +0 chain mail
rPois   inf          (no helmet)
rElec   +            (no cloak)
rCorr   .            (no gloves)
SInv    .            (no boots)
Will    .....        (no amulet) Stlth
                     (no ring)
HPRegen 0.26/turn    (no ring)
MPRegen 0.10/turn

%: no passive effects
@: no status effects
A: sickness immunity, AC +4, negative energy resistance 1, electricity
resistance, torment resistance 1, petrification resistance
a: no special abilities


You were on level 4 of the Dungeon.
You visited 1 branch of the dungeon, and saw 4 of its levels.

You collected 143 gold pieces.


Innate Abilities, Weirdness & Mutations

You are immune to sickness and miasma.
Your stone body is resilient. (AC +4)
You are immune to poison.
You resist negative energy. (rN+)
You are resistant to electric shocks. (rElec)
You are resistant to unholy torment.
You are immune to petrification.


   Skills:
 - Level 4.1 Fighting
 - Level 6.2 Axes
 - Level 3.2 Armour
 + Level 0.0 Dodging
 - Level 3.2 Shields


You had 5 spell levels left.
You didn't know any spells.
Your spell library was empty.

Inventory:

Hand Weapons
 j - a +0 flail
 Y - a +0 war axe of chaos (weapon)
Armour
 c - a +0 buckler (worn)
 l - a +0 chain mail (worn)
Jewellery
 h - a ring of willpower
Scrolls
 a - a scroll of identify
Potions
 b - a potion of haste
 d - a potion of might
 e - 4 potions of curing
 f - a potion of resistance
 g - a potion of brilliance {unknown}
 m - a potion of heal wounds

Dungeon Overview and Level Annotations

Branches:
Dungeon (4/15)
 Temple: D:4-7

Altars:
Cheibriados
Dithmenos
Elyvilon
Nemelex Xobeh
Qazlal
Ru
Xom


Message History

You slash the scorpion!
The scorpion is poisoned.
The scorpion is almost dead.
The scorpion stings you but does no damage.
You closely miss the scorpion.
The scorpion is almost dead.
You kill the scorpion!
Your Axes skill increases to level 6!
You closely miss the giant cockroach. You block the giant cockroach's attack.
The giant cockroach completely misses you.
You slash the giant cockroach!
You kill the giant cockroach!
h - a ring of willpower
Enter note: An orc priest and an orc wizard come into view.
The orc priest shouts!
The orc wizard shouts!
You hear a shout! x2
An orc comes into view. It is wielding a +0 falchion.
The orc priest moves out of view.
The orc wizard moves out of view.
Enter note: An orc priest comes into view.
It is wielding a +0 dagger.
Enter note: The orc wizard barely misses you.
Enter note: You barely miss the orc wizard.
You closely miss the orc priest. You barely miss the orc.
The orc barely misses you.
The orc priest invokes the aid of Beogh against you.
Beogh smites you!
The orc priest hits you but does no damage.
The orc wizard hits you with a +0 dagger.
You closely miss the orc wizard. You barely miss the orc priest.
You barely miss the orc. The orc barely misses you.
The orc priest calls down the wrath of Beogh upon you.
Pain shoots through your body!
The orc priest mumbles some strange prayers to Beogh against you.
Beogh smites you! The orc wizard casts a spell at you.
The puff of flame hits you!
You die...

.....## ......
..... #o..# #...#
#... ####.#o.### .#
#.....o@..# #.#
#.##..o##.#
######...
#.#.##.####........
# #......##........
#.#.##.#...........
##.#.
#(####.....#.#
#....##.####..)..#
#..............###
#.##.##.#####..#


You could see 2 orc priests, an orc wizard and an orc.

Vanquished Creatures
  Grinder (D:3)
  A scorpion (D:4)
  A howler monkey (D:4)
  Ijyb (D:3)
  3 adders (D:2)
  A dart slug (D:1)
  4 orcs (D:3)
  9 endoplasms
  5 giant cockroaches
  7 goblins
  4 hobgoblins
  3 quokkas
  8 ball pythons
  12 bats
  4 frilled lizards
  2 kobolds
  10 rats
76 creatures vanquished.

Notes
Turn   | Place    | Note
-------+----------+-------------------------------------------
     0 | D:1      | qw the Gargoyle Fighter began the quest for the Orb.
     0 | D:1      | Reached XP level 1. HP: 14/14 MP: 1/1
     0 | D:1      | 0 ||| qw: Version: 0.2-a-107-g4668610
     0 | D:1      | 0 ||| qw: Game counter: 1180
     0 | D:1      | 0 ||| qw: Always use a shield: true
     0 | D:1      | 0 ||| qw: God list: Okawaru
     0 | D:1      | 0 ||| qw: Allow faded altars: false
     0 | D:1      | 0 ||| qw: Do Orc after D:15 true
     0 | D:1      | 0 ||| qw: Do second Lair branch before Depths: true
     0 | D:1      | 0 ||| qw: Lair rune preference: random
     0 | D:1      | 0 ||| qw: Plans: Normal, Zot:1-4, Slime:5, God:TSO, Crypt,
                  | Tomb, Abyss, Pan, Hells, Win
     0 | D:1      | 0 ||| PLANNING D:1-11
    41 | D:1      | Reached skill level 2 in Axes
   111 | D:1      | Reached XP level 2. HP: 19/19 MP: 2/2
   342 | D:1      | 342 ||| DROPPING +0 club.
   543 | D:1      | Reached skill level 3 in Axes
   580 | D:1      | Reached XP level 3. HP: 23/23 MP: 3/3
   743 | D:1      | 743 ||| READING 2 scrolls labelled CUVUWO BESHRE.
   744 | D:1      | 744 ||| READING scroll labelled GISTRU UKADA.
   745 | D:1      | 745 ||| READING scroll labelled ECSA QOOTTI.
   746 | D:1      | 746 ||| DRINKING 4 smoky yellow potions.
   935 | D:2      | Reached XP level 4. HP: 28/28 MP: 4/4
   995 | D:2      | Reached skill level 4 in Axes
  1349 | D:2      | Found a sacrificial altar of Ru.
  1423 | D:2      | 1423 ||| UPGRADING to +0 chain mail.
  1433 | D:2      | 1433 ||| DROPPING +0 scale mail.
  1434 | D:2      | 1434 ||| READING scroll labelled LICZEO WETA.
  1435 | D:2      | 1435 ||| READING scroll labelled NEBANLI OBOMO.
  1436 | D:2      | 1436 ||| DRINKING 2 bubbling amethyst potions.
  1503 | D:3      | 1503 ||| Stepping ~*~*~tactically~*~*~ (stealth).
  1601 | D:3      | Noticed an earth elemental
  1604 | D:3      | Found a stormy altar of Qazlal.
  1615 | D:3      | Noticed a water elemental
  1615 | D:3      | Noticed an air elemental
  1615 | D:3      | Noticed a fire elemental
  1775 | D:3      | Noticed Grinder
  1786 | D:3      | Paralysed by Grinder for 5 turns
  1802 | D:3      | Killed Grinder
  1803 | D:3      | Reached skill level 5 in Axes
  1803 | D:3      | Reached XP level 5. HP: 20/32 MP: 5/5
  1803 | D:3      | Reached XP level 6. HP: 23/37 MP: 6/6
  1949 | D:3      | Found a shadowy altar of Dithmenos.
  1949 | D:3      | Found a shimmering altar of Xom.
  1956 | D:3      | Found a white marble altar of Elyvilon.
  1959 | D:3      | Found a snail-covered altar of Cheibriados.
  1961 | D:3      | Found a sparkling altar of Nemelex Xobeh.
  2043 | D:3      | Noticed Ijyb
  2044 | D:3      | 2044 ||| Stepping ~*~*~tactically~*~*~ (hiding).
  2049 | D:3      | Killed Ijyb
  2153 | D:3      | 2153 ||| READING scroll labelled REUSKEB GYGA.
  2157 | D:3      | 2157 ||| READING scroll labelled DAOGYA OZESTA.
  2158 | D:3      | 2158 ||| READING 5 scrolls of identify.
  2158 | D:3      | 2158 ||| IDENTIFYING red potion
  2159 | D:3      | 2159 ||| READING 4 scrolls of identify.
  2159 | D:3      | 2159 ||| IDENTIFYING murky coppery potion
  2160 | D:3      | 2160 ||| READING 3 scrolls of identify.
  2160 | D:3      | 2160 ||| IDENTIFYING amethyst potion
  2161 | D:3      | 2161 ||| READING 2 scrolls of identify.
  2161 | D:3      | 2161 ||| IDENTIFYING purple potion
  2162 | D:3      | 2162 ||| DROPPING potion of ambrosia.
  2163 | D:3      | 2163 ||| DROPPING potion of flight.
  2374 | D:4      | 2374 ||| Stepping ~*~*~tactically~*~*~ (stealth).
  2390 | D:4      | Reached skill level 6 in Axes
  2409 | D:4      | HP: 3/38 [orc priest/divine providence (14)]
  2409 | D:4      | Killed from afar by an orc wizard

Levels and vault maps discovered:
D:1:      moated_graveyard_arrival, layout_basic
D:2:      layout_loops_ring, basic_altar
D:3:      layout_rooms, nicolae_qazlal_style_of_elements,
          chequers_temple_overflow_minitemple, uniq_ijyb, uniq_grinder
D:4:      layout_loops_ring

Skill      XL: |  1  2  3  4  5  6 |
---------------+-------------------+-----
Axes           | 2 3 5 6 |  6.2
Fighting       | 4 |  4.1
Armour         | |  3.2
Shields        | |  3.2

Action                     |  1- 3 |  4- 6 || total
---------------------------+-------+-------++-------
  Melee: War axe           |   100 |   113 ||   213
    Use: Scroll            |     3 |     8 ||    11
         Potion            |     1 |     1 ||     2
 Armour: Scale mail        |    43 |    20 ||    63
         Chain mail        |       |    33 ||    33
  Dodge: Dodged            |    51 |    33 ||    84
  Block: Buckler           |    24 |    16 ||    40

Table legend:
 A = Non-vault XP
 B = Vault XP
 C = Vault XP percentage of total XP
 D = Non-vault monster count
 E = Vault monster count
 F = Vault count percentage of total count
                 A         B        C        D         E       F
            +---------+---------+-------+---------+---------+-------
      Total |     299 |     307 |  50.7 |      74 |       2 |   2.6
            +---------+---------+-------+---------+---------+-------
        D:1 |      45 |       0 |   0.0 |      28 |       0 |   0.0
        D:2 |      67 |       0 |   0.0 |      21 |       0 |   0.0
        D:3 |      30 |     307 |  91.1 |      17 |       2 |  10.5
        D:4 |     157 |       0 |   0.0 |       8 |       0 |   0.0
            +---------+---------+-------+---------+---------+-------
